 Dungeon Crawl Stone Soup version 0.29-a0-337-g68df138881 (webtiles) character file.

Game seed: 5587785162388618617

617127 sokol815 the Conqueror (level 27, -10/249 HPs)
             Began as a Human Fighter on Apr 14, 2022.
             Was the Champion of Trog.
             Killed from afar by a Killer Klown (25 damage)
             ... with a klown pie
             ... on level 5 of the Realm of Zot on Apr 16, 2022.
             The game lasted 03:56:25 (65327 turns).

sokol815 the Conqueror (Human Fighter)             Turns: 65327, Time: 03:56:26

Health: -10/249    AC: 30    Str: 28 (30) XL:     27
Magic:  3/23       EV: 13    Int:  9 (12) God:    Trog [******]
Gold:   5259       SH:  0    Dex: 18 (19) Spells: 26/26 levels left

rFire   + + .      SeeInvis .   a - +8 mithril axe "Arga" {speed, Will+}
rCold   + . .      Faith    .   t - +4 kite shield {reflect}
rNeg    + + .      Spirit   .   F - +5 chain mail of the Solemn God {-Cast +Inv rElec Slay+5}
rPois   +          Reflect  +   L - +2 hat "Hauwe Louwk" {rN+}
rElec   +          Harm     .   C - +1 cloak of Starlight {*Dazzle EV+4 Stlth--}
rCorr   +          Rampage  .   f - +0 pair of gloves of Sophism {rF+}
Will    +++++      Rage     1%  T - +0 pair of boots "Maytz" {Str+7 Dex-2}
Stlth   .......... NoCast   +   B - amulet of regeneration
HPRegen 2.31/turn               P - ring of poison resistance {rPois, !d}
MPRegen 0.18/turn               c - ring "Itzaruf" {rF+ rC+ rN+ rCorr Dex+4}

@: marked, strong-willed, on berserk cooldown, held, regenerating, slowed,
studying 3 skills, unable to drink, very slow
A: hooves 1, berserk 1
}: 3/15 runes: decaying, silver, gossamer
a: Renounce Religion, Evoke Invisibility, Berserk, Trog's Hand, Brothers in Arms


You were on level 5 of the Realm of Zot.
You worshipped Trog.
Trog was exalted by your worship.
You visited 10 branches of the dungeon, and saw 51 of its levels.
You also visited: Ice Cave and Desolation.

You collected 8196 gold pieces.
You spent 2937 gold pieces at shops.

Inventory:

Hand Weapons
 a - the +8 mithril axe "Arga" (weapon) {speed, Will+}
   (You acquired it on level 10 of the Dungeon)

   Attacks with this weapon are significantly faster.
   Will:      It increases your willpower.
 b - the +9 hunting sling of Articulation {venom, rCorr}
   (You found it on level 5 of the Vaults)

   Any ammunition fired from it poisons the flesh of those it strikes.
   rCorr:     It protects you from acid and corrosion.
 n - a +5 broad axe of flaming
   (You found it on level 2 of the Elven Halls)
 z - a +9 vampiric broad axe
   (You acquired it on level 4 of the Lair of Beasts)
 G - a +7 war axe of holy wrath
   (You subdued it on level 1 of the Elven Halls)
Missiles
 e - 13 javelins
 r - 25 boomerangs
 x - 23 curare-tipped darts
 E - 4 silver boomerangs
Armour
 f - the +0 pair of gloves of Sophism (worn) {rF+}
   (You found it on level 4 of the Spider Nest)

   rF:        It protects you from fire.
 t - a +4 kite shield of reflection (worn)
   (You took it off Donald on level 4 of the Vaults)
 C - the +1 cloak of Starlight (worn) {*Dazzle EV+4 Stlth--}
   (You bought it in a shop on level 4 of the Depths)

   It may blind those who miss an attack against the wearer in melee combat.
   EV:        It affects your evasion (+4).
   Stlth:     It makes you much less stealthy.
 F - the +5 chain mail of the Solemn God (worn) {-Cast +Inv rElec Slay+5}
   (You found it on level 4 of the Lair of Beasts)

   Slay:      It affects your accuracy & damage with ranged weapons and melee
   (+5).
   rElec:     It insulates you from electricity.
   +Inv:      It lets you turn invisible.
   -Cast:     It prevents spellcasting.
 L - the +2 hat "Hauwe Louwk" (worn) {rN+}
   (You found it on level 4 of the Spider Nest)

   rN:        It protects you from negative energy.
 T - the +0 pair of boots "Maytz" (worn) {Str+7 Dex-2}
   (You found it on level 1 of the Lair of Beasts)

   Str:       It affects your strength (+7).
   Dex:       It affects your dexterity (-2).
Jewellery
 c - the ring "Itzaruf" (right hand) {rF+ rC+ rN+ rCorr Dex+4}
   (You acquired it on level 4 of the Lair of Beasts)

   [ring of protection from fire]

   Dex:       It affects your dexterity (+4).
   rF:        It protects you from fire.
   rC:        It protects you from cold.
   rN:        It protects you from negative energy.
   rCorr:     It protects you from acid and corrosion.
 j - the ring "Edes" {rF+ rC+}
   (You acquired it on level 1 of the Vaults)

   [ring of protection from fire]

   rF:        It protects you from fire.
   rC:        It protects you from cold.
 k - a ring of flight {+Fly, !d}
   (You bought it in a shop on level 1 of the Elven Halls)
 o - the ring "Lushienn" {rElec rF+ rN+ Dex+6}
   (You took it off a deep elf high priest on level 5 of the Vaults)

   [ring of dexterity]

   Dex:       It affects your dexterity (+6).
   rF:        It protects you from fire.
   rElec:     It insulates you from electricity.
   rN:        It protects you from negative energy.
 A - the ring of Light {*Slow rElec rPois rN+ Int+4 Slay-4}
   (You took it off a fire giant on level 2 of the Depths)

   [ring of poison resistance]

   Int:       It affects your intelligence (+4).
   Slay:      It affects your accuracy & damage with ranged weapons and melee
   (-4).
   rElec:     It insulates you from electricity.
   rPois:     It protects you from poison.
   rN:        It protects you from negative energy.
   *Slow:     It may slow you when you take damage.
 B - an amulet of regeneration (around neck)
   (You found it on level 8 of the Dungeon)
 P - a ring of poison resistance (left hand) {rPois, !d}
   (You took it off a tengu reaver on level 3 of the Depths)
 Q - the ring "Neonopom" {rN+ Int-4 Dex+2 Slay+4}
   (You found it on level 2 of the Depths)

   [ring of slaying]

   Int:       It affects your intelligence (-4).
   Dex:       It affects your dexterity (+2).
   Slay:      It affects your accuracy & damage with ranged weapons and melee
   (+4).
   rN:        It protects you from negative energy.
 V - the ring "Unurair" {rC+ SInv}
   (You took it off a vault sentinel on level 5 of the Vaults)

   [ring of see invisible]

   rC:        It protects you from cold.
   SInv:      It lets you see invisible.
Wands
 d - a wand of digging (18)
   (You found it on level 4 of the Swamp)
 h - a wand of acid (57)
   (You found it on level 5 of the Dungeon)
 i - a wand of iceblast (58)
   (You found it on level 5 of the Dungeon)
 p - a wand of paralysis (19)
   (You found it on level 6 of the Lair of Beasts)
 q - a wand of flame (88)
   (You found it on level 1 of the Lair of Beasts)
 y - a wand of mindburst (15)
   (You found it on level 6 of the Dungeon)
Scrolls
 u - 12 scrolls of fog
 D - 11 scrolls of blinking {!r}
 K - 9 scrolls of immolation {!r}
 O - 3 scrolls of silence
 S - a scroll of summoning
 W - 4 scrolls of holy word {!r}
 X - 9 scrolls of magic mapping {@r4!r}
 Y - 21 scrolls of teleportation {@r3}
Potions
 g - 5 potions of attraction {!q}
 H - 5 potions of haste
 I - 3 potions of invisibility
 J - 21 potions of curing {@q1}
 M - 13 potions of might
 N - 16 potions of heal wounds {@q2}
 R - 7 potions of resistance
 U - 10 potions of mutation {!q}
 Z - 7 potions of cancellation
Miscellaneous
 l - a condenser vane
   (You found it in an ice cave)
 m - a phantom mirror
   (You found it on level 2 of the Depths)
 s - a tin of tremorstones (2/2)
   (You found it on level 2 of the Depths)
 v - a lightning rod (4/4)
   (You found it on level 4 of the Depths)
 w - a phial of floods
   (You found it on level 2 of the Swamp)


   Skills:
 O Level 27 Fighting
 - Level 3.2 Long Blades
 - Level 18.0 Axes
 - Level 3.7(8.4) Slings
 - Level 11.7(12.0) Throwing
 - Level 24.0 Armour
 - Level 15.7 Dodging
 * Level 10.6 Stealth
 + Level 18.5 Shields
 - Level 19.8 Evocations


You had 26 spell levels left.
You didn't know any spells.
Your spell library contained the following spells:

 Spells                   Type           Power      Damage    Failure   Level
 Sublimation of Blood     Necr           0%         N/A       91%         2
 Wereblood                Tmut           0%         N/A       91%         2
 Summon Hydra             Summ           0%         N/A       100%        7


Dungeon Overview and Level Annotations

Branches:
Dungeon (15/15)            Temple (0/1) D:4            Lair (6/6) D:9
  Swamp (4/4) Lair:3       Spider (4/4) Lair:2        Slime (0/5) Lair:6
    Orc (2/2) D:10            Elf (3/3) Orc:2        Vaults (5/5) D:14
  Crypt (3/3) Vaults:2       Tomb (0/3) Crypt:3      Depths (4/4) D:15
    Zot (5/5) Depths:4      IceCv (visited)         Desolation (visited)

Altars:
Hepliaklqana
Kikubaaqudgha
Trog
Xom
Yredelemnul
The Shining One
Beogh

Shops:
D:7 [   D:10 ?   D:13 ([?[   Orc:2 [?*=   Elf:1 *   Elf:2 (   Elf:3 *
Vaults:1 [   Vaults:4 [   Depths:4 !![*

Portals:
Hell: Depths:1 Depths:2 Depths:3 Depths:4
Abyss: Depths:2 Depths:3
Pandemonium: Depths:2
Ziggurat: Depths:3

Annotations:
Elf:2 3 runed translucent doors, durneh's ghost, adept HOCK


Innate Abilities, Weirdness & Mutations

You have large cloven feet.
You tend to lose your temper in combat.


Message History

You take 10 damage, and have 174/373 hp.
You slice the death cob!!
You slice the yellow draconian annihilator!!
You kill the yellow draconian annihilator!
Trog accepts your kill.
Trog appreciates your killing of a magic user.
The death cob hits you but does no damage.
You feel your strength returning.
You chop the Orb Guardian into pieces!!!
You barely miss the death cob.
The electric golem hurls lightning at you.
The bolt of lightning misses you. You block the death cob's attack.
A Killer Klown comes into view. It is wielding a +8 club of freezing.
You slash the Orb Guardian! You miss the death cob.
You block the Orb Guardian's attack. The death cob hits you!!
The Killer Klown blinks!
You take 19 damage, and have 157/373 hp.
You slash the Orb Guardian!
You feel the power of Trog in you as your rage grows.
You kill the Orb Guardian!
Trog accepts your kill.
You slice the death cob!!
You destroy the death cob!
Trog accepts your kill.
The orb of fire glows red.
The bolt of fire misses you.
Things that are here:
a +0 long sword; a purple draconian corpse You regained 2 hp, and now have 159/373 hp.
You slice the orb of fire!! You slice the Killer Klown!!
The Killer Klown blinks!
The Killer Klown tickles you but does no damage.
The Killer Klown drops a net on you.
You become entangled in the net!
You tear a large gash into the net.
The orb of fire glows yellow.
The bolt of fire hits you!! You resist.
A moth of wrath comes into view.
The Killer Klown closely misses you. The electric golem hits you.
The electric golem shocks you. You resist.
The electric golem closely misses you.
The electric golem hits you but does no damage. x2
You take 31 damage, and have 129/373 hp.
You struggle against the net.
You feel a strong urge to attack something.
The Killer Klown pies you viciously! The klown pie hits you!!!
Lemon!
You feel unable to drink.
* * * LOW HITPOINT WARNING * * *
The orb of fire emits a lurid red light.
The bolt of fire hits you!! You resist.
* * * LOW HITPOINT WARNING * * *
The electric golem hurls lightning at you.
The bolt of lightning hits you! You resist.
* * * LOW HITPOINT WARNING * * *
An Orb Guardian comes into view.
The Killer Klown elbows you with a +12 club!!
* * * LOW HITPOINT WARNING * * *
You take 94 damage, and have 35/373 hp.
MASSIVE DAMAGE!!
You rip the net and break free!
The orb of fire glows deep purple.
Strange energies course through your body.
You feel a little pissed off. You block the Killer Klown's attack. x2
The purple draconian shifter gestures wildly while chanting.
The purple draconian shifter blinks!
The electric golem closely misses you.
You block the electric golem's attack. x2
The electric golem closely misses you.
You regained 2 hp, and now have 37/373 hp.
You slash the orb of fire! You hit something but do no damage.
You slice the electric golem!! You slice the Killer Klown!! x2
The orb of fire emits a lurid red light.
The bolt of fire hits you! You resist.
* * * LOW HITPOINT WARNING * * *
The Killer Klown blinks! x2
The electric golem hurls lightning at you.
The bolt of lightning hits you. You resist.
* * * LOW HITPOINT WARNING * * *
The Killer Klown squeezes you but does no damage.
You take 18 damage, and have 19/373 hp.
You hit the orb of fire but do no damage.
You hit something but do no damage. You slash the electric golem!
You slice the Killer Klown!!
An Orb Guardian comes into view.
The Killer Klown drops a net on you.
You become entangled in the net!
Unknown command.
You cannot drink potions in your current state!
You struggle against the net.
You are no longer berserk.
You are exhausted.
You feel yourself slow down.
The electric golem hits you but does no damage. x4
An Orb Guardian comes into view.
The Killer Klown pies you viciously! The klown pie hits you!!
Raspberry!
You feel weakened.
You feel dopey.
You feel clumsy.
You die...

##.######## *******#######**
..........# ##.^......,,,,,,**
.........## ##....q$...,,,,,,,**
.........# ##.......)..,,,,,,,,*
........## #...^.......^,,,,,,,,
........# #^....p.....,,,,,,,,,
........## #.....§.....^,,,,,,,,
.........# #.)p9{.p....,,,,,,,,,
.........## #[..@*......,,,,,,,,,
..........###.))†p......,,,,,,,,,
########...###..........,,,,,,,,*
##....##*......XX,,,,,,,**
###.....^$....yX,,,,,,**
#▓▓▓▓▓▓▓▓▓▓▓##^,,,,**
****,,,,,,,,,,,,,,,**
***,,,,,,,,,,,,,,,,,,,**
**,,,,,,,,,,^,,,,,,,,,,,*


You could see 2 orbs of fire, 4 Killer Klowns, an electric golem, a purple
draconian shifter, 3 Orb Guardians and a moth of wrath.

Vanquished Creatures
  2 dread liches
  2 ancient liches
  2 juggernauts (Depths:2)
  the Lernaean hydra (Swamp:4)
  A caustic shrike (Depths:2)
  13 golden dragons
  2 curse toes (Zot:1)
  Nikola (Lair:2)
  2 bone dragons (Crypt:3)
  Arachne (Spider:2)
  3 electric golems (Zot:1)
  21 tentacled monstrosities
  5 titans
  Asterion (Depths:2)
  9 Orb Guardians (Zot:5)
  3 liches
  A walking frostbound tome (Depths:2)
  2 deep elf master archers (Elf:3)
  A walking divine tome (Depths:4)
  9 quicksilver dragons
  11 death cobs
  2 deep elf blademasters (Elf:3)
  11 ancient champions
  Kirke (D:12)
  8 sphinxes
  Agnes (D:15)
  A thorn hunter (Swamp:3)
  9 tengu reavers
  9 storm dragons
  4 draconian monks
  6 shadow dragons
  Donald (Vaults:4)
  A fenstrider witch (Swamp:2)
  2 revenants (Crypt:3)
  4 draconian knights
  2 emperor scorpions
  6 frost giants
  11 fire giants
  3 deep elf sorcerers
  5 draconian shifters
  2 iron dragons
  17 vault wardens
  4 ghost moths
  4 orc warlords
  3 deep elf elementalists (Elf:3)
  17 ghouls
  2 balrugs (Depths:4)
  4 imperial myrmidons (Desolation)
  3 draconian scorchers
  A draconian stormcaller (Zot:2)
  24 ironbound preservers
  3 draconian annihilators
  A spriggan defender (Depths:2)
  Louise (Spider:4)
  A broodmother (Spider:2)
  5 war gargoyles
  2 quicksilver oozes (shapeshifter) (Vaults:5)
  29 very ugly things
  7 ironbound thunderhulks
  7 deep elf demonologists
  13 stone giants
  6 green draconians
  6 vampire knights
  3 entropy weavers
  3 eleionomae
  8 purple draconians
  4 dire elephants (Vaults:4)
  8 yellow draconians
  A halazid warlock (Desolation)
  8 red draconians
  Nessos (Lair:5)
  5 white draconians
  9 spark wasps
  3 deep elf annihilators (Elf:3)
  6 bunyips
  13 black draconians
  8 deep elf death magi
  2 eidola
  10 fire dragons
  5 jiangshi
  3 mummy priests (Crypt:3)
  11 ettins
  3 merfolk impalers (Depths:2)
  2 ettins (shapeshifter) (Vaults:5)
  A quicksilver dragon zombie (Depths:1)
  5 deep elf high priests
  4 servants of whispers
  13 yaktaur captains
  A shambling mangrove (D:14)
  42 vault guards
  Josephine (D:13)
  3 great orbs of eyes
  3 ogre magi
  10 ragged hierophants (Desolation)
  Erolcha (D:9)
  21 hydras
  13 ironbound frosthearts
  A quicksilver dragon skeleton (Crypt:3)
  The ghost of SirDiesAlot the Skirmisher, a novice OgFi of Okawaru (D:8)
  3 ghost crabs
  A merfolk avatar (Lair:6)
  A rakshasa (Depths:2)
  A catoblepas (Lair:5)
  8 boulder beetles
  2 caustic shrike simulacra (IceCv)
  7 ice dragons
  An anaconda (shapeshifter) (Elf:1)
  3 radroaches
  19 centaur warriors
  19 peacekeepers
  3 jorogumos
  12 alligators
  3 death knights
  5 spriggan air magi
  3 deep troll shamans
  A hell hog (Depths:3)
  10 two-headed ogres
  3 vampire magi
  31 dancing weapons
  A death scarab (Crypt:3)
  13 deep troll earth magi
  14 tengu warriors
  An orc high priest (Orc:1)
  5 spriggan berserkers
  6 shock serpents (Zot:1)
  Sonja (D:11)
  29 deep elf knights
  6 soul eaters
  A shadow wraith (Crypt:3)
  24 hell knights
  8 iron trolls
  A titan skeleton (Crypt:2)
  A sixfirhy (Zot:1)
  A bunyip zombie (Crypt:3)
  5 pharaoh ants
  29 skeletal warriors
  A salamander mystic (Depths:3)
  78 deep trolls
  5 spriggan druids
  A sun moth (Spider:3)
  4 goliath frogs
  7 steelbarb worms
  A death drake (Swamp:3)
  3 golden dragon zombies
  An anaconda zombie (Crypt:1)
  10 bog bodies
  7 orb spiders
  11 phantasmal warriors
  6 glowing orange brains
  7 wizards
  Pikel (D:5)
  An orange crystal statue (IceCv)
  5 flayed ghosts
  10 necromancers
  11 swamp dragons
  30 deep elf pyromancers
  8 deep elf archers
  12 ironbound convokers
  3 lindwurms
  17 orc knights
  20 deep elf zephyrmancers
  A shadow dragon zombie (Crypt:3)
  A cyclops (shapeshifter) (Depths:2)
  An oklob plant (Lair:2)
  31 wolf spiders
  8 harpies
  2 orc sorcerers
  3 moths of wrath (shapeshifter)
  2 salamanders (Depths:3)
  A faun (shapeshifter) (Vaults:5)
  64 ugly things
  6 elephants
  18 moths of wrath
  A will-o-the-wisp (Swamp:2)
  2 stone giant zombies
  2 centaur zombies (Crypt:1)
  2 fire giant skeletons
  An ice statue (Swamp:1)
  4 cyclopes
  Joseph (D:9)
  A molten gargoyle (Desolation)
  15 cane toads
  2 black mambas
  20 vault sentinels
  7 centaur skeletons
  A cane toad (shapeshifter) (D:14)
  A water nymph (shapeshifter) (Vaults:5)
  A stone giant skeleton (Depths:1)
  6 guardian serpents (Desolation)
  A frost giant skeleton (Crypt:3)
  8 torpor snails
  3 gargoyles
  An unseen horror (D:11)
  A shock serpent skeleton (Crypt:1)
  Psyche (D:8)
  A purple draconian zombie (Crypt:3)
  28 yaktaurs
  Maggie (D:9)
  6 freezing wraiths
  2 kobold demonologists
  2 rime drakes (Lair:6)
  10 demonic crawlers
  11 guardian mummies (Crypt:3)
  A yellow draconian skeleton (Crypt:1)
  2 anaconda simulacra
  10 komodo dragons
  An efreet (D:15)
  A purple draconian skeleton (Crypt:2)
  A hydra zombie (Crypt:1)
  2 harpy zombies
  6 tengu conjurers
  8 trolls
  7 polar bears
  13 meliai
  7 tyrant leeches
  2 wind drakes (Lair:6)
  21 tarantellas
  20 hornets
  A bloated husk (Swamp:4)
  A moth of wrath zombie (Crypt:1)
  A queen bee (Spider:3)
  A hydra skeleton (Crypt:2)
  18 blink frogs
  Prince Ribbit (D:8)
  64 saltlings
  20 slime creatures
  Grinder (D:3)
  A snapping turtle (Lair:6)
  2 raiju (Zot:1)
  33 jumping spiders
  A jumping spider (shapeshifter) (D:13)
  A black mamba zombie (Crypt:3)
  2 spriggan skeletons
  An ettin skeleton (Depths:1)
  Sigmund (D:3)
  3 vampires (Vaults:2)
  3 air elementals
  A centaur simulacrum (Crypt:3)
  24 culicivoras
  16 spriggans
  4 wyverns
  A dire elephant simulacrum (IceCv)
  14 wraiths
  46 yaks
  An ushabti (Crypt:3)
  2 hogs (D:12)
  6 water elementals
  3 fire elementals
  A human (shapeshifter) (D:13)
  4 basilisks
  A hog (shapeshifter) (Vaults:5)
  2 steam dragons
  47 redbacks
  A wind drake skeleton (Crypt:2)
  17 vampire mosquitoes
  15 swamp worms
  A deep troll zombie (Crypt:1)
  A catoblepas simulacrum (Crypt:1)
  8 wargs
  A harpy simulacrum (Crypt:3)
  2 naga skeletons
  A hydra simulacrum (IceCv)
  21 water moccasins
  15 swamp drakes
  2 floating eyes
  An ice beast (D:5)
  39 orc warriors
  2 sky beasts (shapeshifter)
  A black bear (Lair:1)
  2 alligator simulacra (IceCv)
  6 ogres
  12 wolves
  6 boggarts
  A swamp dragon skeleton (Crypt:1)
  13 centaurs
  12 kobold brigands
  A yaktaur zombie (Crypt:2)
  3 earth elementals
  15 bullfrogs
  8 necrophages
  2 gnoll sergeants
  6 scorpions
  An elf skeleton (Crypt:2)
  10 wights
  A lindwurm simulacrum (IceCv)
  A water moccasin skeleton (Crypt:1)
  29 killer bees
  3 howler monkeys (D:10)
  A troll skeleton (Crypt:3)
  7 electric eels
  A lava snake (D:15)
  2 hounds (D:6)
  A black bear zombie (Crypt:3)
  A jelly (D:6)
  11 orc priests
  2 iguanas
  18 orc wizards
  5 hell rats (Lair:3)
  5 lightning spires (Zot:1)
  A tengu zombie (Crypt:3)
  A hound skeleton (Crypt:1)
  3 mummies (Crypt:3)
  11 gnolls
  8 adders
  A shadow imp (D:6)
  2 ufetubi (D:7)
  A lava snake skeleton (Crypt:2)
  92 orcs
  6 endoplasms
  13 giant cockroaches
  6 goblins
  7 hobgoblins
  6 jackals
  3 quokkas
  3 ball pythons
  4 bats
  2 frilled lizards (D:2)
  A gnoll zombie (Crypt:1)
  10 kobolds
  An orc skeleton (Crypt:1)
  6 rats
  A river rat skeleton (Crypt:2)
  4 briar patches (Swamp:3)
2339 creatures vanquished.

Vanquished Creatures (collateral kills)
  A fenstrider witch (Swamp:3)
  An ettin (Depths:2)
  A hydra (Swamp:3)
  2 orb spiders (Spider:4)
  A will-o-the-wisp (Swamp:3)
  A tyrant leech (Swamp:3)
  A hornet (Depths:2)
  A spriggan (Depths:2)
9 creatures vanquished.

Vanquished Creatures (others)
  A storm dragon (Zot:1)
  A ghost moth (Zot:5)
  2 deep elf elementalists (Elf:3)
  A draconian annihilator (Zot:4)
  A black draconian (Zot:1)
  A green draconian (Zot:1)
  A hydra (Swamp:4)
  An alligator (Swamp:4)
  A deep elf knight (Elf:1)
  2 deep elf pyromancers
  A tengu conjurer (Depths:2)
  A bloated husk (Swamp:2)
  A tarantella (Spider:1)
  A blink frog (Lair:5)
  A jumping spider (Spider:1)
  A water elemental (Depths:2)
  A fire elemental (Elf:1)
  A redback (Spider:1)
  A water moccasin (Lair:5)
  5 ball lightnings (Zot:1)
  2 briar patches (Swamp:3)
  14 foxfires (Swamp:3)
  41 fungi
  83 plants
  5 withered plants
171 creatures vanquished.

Grand Total: 2519 creatures vanquished

Notes
Turn   | Place    | Note
-------+----------+-------------------------------------------
     0 | D:1      | sokol815 the Human Fighter began the quest for the Orb.
     0 | D:1      | Reached XP level 1. HP: 18/18 MP: 1/1
   216 | D:1      | Reached XP level 2. HP: 24/24 MP: 2/2
   372 | D:1      | Found a faded altar of an unknown god.
   375 | D:1      | Prayed at the altar of an unknown god.
   375 | D:1      | Became a worshipper of Trog the Wrathful
   375 | D:1      | Reached * piety under Trog
   448 | D:1      | Reached skill level 3 in Long Blades
   609 | D:1      | Reached XP level 3. HP: 29/29 MP: 3/3
  1130 | D:2      | You fall into a shaft and drop 1 floor!
  1180 | D:3      | Reached skill level 1 in Throwing
  1217 | D:3      | Noticed Sigmund
  1235 | D:3      | Killed Sigmund
  1236 | D:3      | Reached skill level 4 in Throwing
  1236 | D:3      | Reached XP level 4. HP: 35/35 MP: 4/4
  1236 | D:3      | Reached XP level 5. HP: 41/41 MP: 5/5
  1271 | D:3      | Reached XP level 6. HP: 47/47 MP: 6/6
  1508 | D:3      | Reached skill level 5 in Throwing
  1723 | D:3      | Noticed Grinder
  1730 | D:3      | Killed Grinder
  1731 | D:3      | Reached skill level 6 in Throwing
  1731 | D:3      | Reached XP level 7. HP: 52/52 MP: 7/7
  2204 | D:2      | Reached ** piety under Trog
  2901 | D:4      | Found a staircase to the Ecumenical Temple.
  2998 | D:4      | Noticed a steam dragon
  3007 | D:4      | Killed a steam dragon
  3008 | D:4      | Reached skill level 7 in Throwing
  3398 | D:5      | Entered Level 5 of the Dungeon
  3468 | D:5      | Reached XP level 8. HP: 58/58 MP: 8/8
  3546 | D:5      | Noticed Pikel
  3560 | D:5      | Reached skill level 8 in Throwing
  3564 | D:5      | Killed Pikel
  3565 | D:5      | Reached skill level 6 in Fighting
  4187 | D:6      | Reached XP level 9. HP: 69/71 MP: 9/9
  4292 | D:6      | Identified a scroll of acquirement
  4292 | D:6      | Acquired a manual of Fighting
  4467 | D:6      | Reached skill level 7 in Fighting
  4491 | D:6      | Reached skill level 8 in Fighting
  4749 | D:6      | Reached skill level 9 in Fighting
  5100 | D:7      | Identified the +2 rapier "Geshro" {vorpal, rN+ MP-9 Int+6}
  5168 | D:7      | Noticed a two-headed ogre
  5177 | D:7      | Killed a two-headed ogre
  5178 | D:7      | Reached skill level 11 in Fighting
  5436 | D:7      | Reached skill level 12 in Fighting
  5695 | D:7      | Found Ybirel's Antique Armour Shop.
  6161 | D:7      | Reached XP level 10. HP: 74/86 MP: 10/10
  6354 | D:8      | Noticed Psyche
  6363 | D:8      | Killed Psyche
  6364 | D:8      | Reached skill level 13 in Fighting
  6569 | D:8      | Noticed a kobold demonologist
  6569 | D:8      | Found a runed translucent gate.
  6570 | D:8      | Found a runed translucent gate.
  6570 | D:8      | Found a runed translucent gate.
  6570 | D:8      | Noticed SirDiesAlot's ghost (novice OgFi)
  6652 | D:8      | Reached skill level 14 in Fighting
  6668 | D:8      | Reached skill level 15 in Fighting
  6852 | D:8      | Found an ancient bone altar of Kikubaaqudgha.
  6917 | D:8      | Noticed Prince Ribbit
  6926 | D:8      | Killed Prince Ribbit
  7040 | D:8      | Found a large runed translucent door.
  7052 | D:8      | Reached skill level 9 in Throwing
  7136 | D:8      | Found a large runed translucent door.
  7619 | D:9      | Noticed Joseph
  7634 | D:9      | Killed Joseph
  7782 | D:9      | Noticed Maggie
  7796 | D:9      | Killed Maggie
  7797 | D:9      | Reached skill level 1 in Axes
  7797 | D:9      | Reached skill level 1 in Slings
  7797 | D:9      | Reached XP level 11. HP: 102/102 MP: 11/11
  7875 | D:9      | Noticed a two-headed ogre
  7884 | D:9      | Reached skill level 4 in Shields
  7886 | D:9      | Killed a two-headed ogre
  7887 | D:9      | Reached skill level 2 in Axes
  7887 | D:9      | Reached skill level 2 in Slings
  7959 | D:9      | Found a staircase to the Lair.
  8060 | D:9      | Reached skill level 3 in Axes
  8060 | D:9      | Reached skill level 3 in Slings
  8082 | D:9      | Noticed Erolcha
  8091 | D:9      | Killed Erolcha
  8166 | D:9      | Identified the amulet "Qizedo Irab" {Reflect Will+ Str-5
                  | Dex+4 SH+5}
  8364 | D:9      | Acquired a manual of Shields
  8609 | Lair:1   | Entered Level 1 of the Lair of Beasts
  8625 | D:9      | Reached skill level 4 in Axes
  8625 | D:9      | Reached skill level 5 in Shields
  8764 | Lair:1   | HP: 25/102 [blink frog (5)]
  8932 | Lair:1   | Reached skill level 5 in Axes
  8932 | Lair:1   | Reached skill level 6 in Shields
  9004 | Lair:1   | Reached skill level 7 in Shields
  9064 | Lair:1   | Reached skill level 6 in Axes
  9152 | Lair:1   | Identified the +0 pair of boots "Maytz" {Str+7 Dex-2}
  9269 | Lair:1   | Reached skill level 8 in Shields
  9545 | Lair:2   | Found a hole to the Spider Nest.
  9559 | Lair:2   | Reached XP level 12. HP: 110/110 MP: 12/12
  9643 | Lair:1   | Reached *** piety under Trog
  9683 | Lair:2   | Reached skill level 7 in Axes
  9799 | Lair:2   | Reached skill level 9 in Shields
  9901 | Lair:2   | Reached skill level 8 in Axes
 10111 | Lair:2   | Reached skill level 10 in Shields
 10170 | Lair:2   | Reached skill level 9 in Axes
 10387 | Lair:2   | Noticed a seven-headed hydra
 10397 | Lair:2   | Killed a seven-headed hydra
 10990 | Lair:3   | Reached skill level 11 in Shields
 11005 | Lair:2   | Reached skill level 10 in Axes
 11030 | Lair:3   | Noticed a six-headed hydra
 11053 | Lair:2   | Killed a six-headed hydra
 11122 | Lair:2   | Reached XP level 13. HP: 110/116 MP: 13/13
 11290 | Lair:3   | You fall into a shaft and drop 2 floors!
 11305 | Lair:5   | Noticed Nessos
 11319 | Lair:5   | Reached skill level 11 in Axes
 11319 | Lair:5   | Reached skill level 12 in Shields
 11320 | Lair:5   | Reached **** piety under Trog
 11328 | Lair:5   | Killed Nessos
 11329 | Lair:5   | Noticed a seven-headed hydra
 11335 | Lair:5   | Noticed a seven-headed hydra
 11340 | Lair:5   | Killed a seven-headed hydra
 11346 | Lair:5   | HP: 24/116 [blink frog (9)]
 11347 | Lair:5   | Killed a seven-headed hydra
 11469 | Lair:5   | Noticed a catoblepas
 11487 | Lair:5   | Killed a catoblepas
 11488 | Lair:5   | Reached skill level 12 in Axes
 11488 | Lair:5   | Reached skill level 13 in Shields
 11681 | Lair:3   | Found a shimmering altar of Xom.
 11878 | Lair:3   | Found a staircase to the Swamp.
 12873 | Lair:4   | Identified the +5 chain mail of the Solemn God {-Cast +Inv
                  | rElec Slay+5}
 12888 | Lair:4   | Acquired a +1 vampiric broad axe
 12889 | Lair:4   | Acquired the ring "Itzaruf" {rF+ rC+ rN+ rCorr Dex+4}
 13006 | Lair:4   | Reached skill level 13 in Axes
 13553 | Lair:5   | Reached skill level 14 in Shields
 13650 | Lair:5   | Noticed a five-headed hydra
 13662 | Lair:5   | Killed a five-headed hydra
 14047 | Lair:6   | Entered Level 6 of the Lair of Beasts
 14118 | Lair:6   | Reached XP level 14. HP: 123/123 MP: 14/14
 14428 | Lair:5   | Reached skill level 1 in Evocations
 14448 | Lair:6   | Reached ***** piety under Trog
 14449 | Lair:6   | Reached skill level 14 in Axes
 14449 | Lair:6   | Reached skill level 2 in Evocations
 14470 | Lair:6   | Reached skill level 3 in Evocations
 14531 | Lair:6   | HP: 25/123 [harpy (12)]
 14535 | Lair:6   | Found the +7 captain's cutlass {speed, disarm}
 14602 | Lair:6   | Found a staircase to the Slime Pits.
 14608 | Lair:6   | Reached skill level 4 in Evocations
 14703 | Lair:6   | Reached skill level 5 in Evocations
 14859 | Lair:6   | Reached skill level 6 in Evocations
 15388 | D:10     | Entered Level 10 of the Dungeon
 15442 | D:10     | Found Gucud's Magic Scroll Shop.
 15445 | D:10     | Bought a scroll of acquirement for 728 gold pieces
 15445 | D:10     | Acquired the +8 mithril axe "Arga" {speed, Will+}
 15445 | D:10     | Found the +8 mithril axe "Arga" {speed, Will+}
 15572 | D:10     | Found a staircase to the Orcish Mines.
 15707 | D:10     | Reached skill level 7 in Evocations
 16079 | D:10     | Found a runed translucent door.
 16083 | D:10     | Found a runed translucent door.
 16497 | D:11     | Received a gift from Trog
 16746 | D:11     | Noticed Sonja
 16809 | D:11     | Killed Sonja
 17368 | D:12     | Reached skill level 8 in Evocations
 17485 | D:12     | Reached skill level 4 in Armour
 17899 | D:12     | Noticed Kirke
 17917 | D:12     | Killed Kirke
 17918 | D:12     | Reached XP level 15. HP: 129/129 MP: 15/15
 18184 | D:13     | Identified the +8 hand axe "Cuudeotha" {drain, Int+5}
 18213 | D:13     | Noticed Josephine
 18221 | D:13     | Killed Josephine
 18227 | D:13     | Reached skill level 15 in Axes
 18296 | D:13     | Reached skill level 5 in Armour
 18478 | D:13     | Found Ifeh's Weapon Shoppe.
 18606 | D:13     | Found Noesinoq's Magic Scroll Boutique.
 18644 | D:13     | Found Biammude's Armour Shop.
 18989 | D:13     | Found Gugg's Armour Shop.
 19424 | D:14     | Reached skill level 6 in Armour
 19517 | D:14     | Received a gift from Trog
 19518 | D:14     | Reached skill level 16 in Axes
 19643 | D:14     | Found the +1 robe of Vines {NoPotionHeal Regen++++}
 19785 | D:14     | Reached skill level 7 in Armour
 19878 | D:14     | Found a gate to the Vaults.
 19893 | D:14     | Identified the +6 scimitar "Itziru Vebe" {vorpal, rElec}
 20438 | D:15     | Entered Level 15 of the Dungeon
 20582 | D:15     | Noticed Agnes
 20593 | D:15     | Killed Agnes
 20647 | D:15     | Reached XP level 16. HP: 136/136 MP: 16/16
 20738 | D:15     | Reached skill level 17 in Axes
 20745 | D:15     | Reached skill level 8 in Armour
 20912 | D:15     | Found a staircase to the Depths.
 21796 | Orc:1    | Entered Level 1 of the Orcish Mines
 21803 | Orc:1    | Received a gift from Trog
 21924 | Orc:2    | Entered Level 2 of the Orcish Mines
 22167 | Orc:2    | Found Kaqeibai's Jewellery Boutique.
 22167 | Orc:2    | Found Fuerafa's Antique Weapon Emporium.
 22177 | Orc:2    | Reached skill level 9 in Armour
 22391 | Orc:2    | Found a staircase to the Elven Halls.
 22396 | Orc:2    | Found Meivy's Assorted Antiques.
 22566 | Orc:2    | Found Etoupiut's Antique Armour Boutique.
 22571 | Orc:2    | Reached ****** piety under Trog
 22602 | Orc:2    | Reached skill level 18 in Axes
 22635 | Orc:2    | Bought a tiger eye-encrusted scale mail for 288 gold pieces
 22635 | Orc:2    | Identified the +1 scale mail of Wariness {Fly rC- Regen+
                  | Int+7} (You bought it in a shop on level 2 of the Orcish
                  | Mines)
 22635 | Orc:2    | Bought a crude ring mail for 288 gold pieces
 22635 | Orc:2    | Identified the +4 ring mail "Qubroi" {Harm rElec Dex-4}
                  | (You bought it in a shop on level 2 of the Orcish Mines)
 22639 | Orc:2    | Found Dirymn's Magic Scroll Emporium.
 22668 | Orc:2    | Bought a scroll of enchant weapon for 82 gold pieces
 22668 | Orc:2    | Bought a scroll of blinking for 82 gold pieces
 22668 | Orc:2    | Bought a scroll of teleportation for 33 gold pieces
 22668 | Orc:2    | Bought a scroll of teleportation for 33 gold pieces
 22923 | Orc:1    | Received a gift from Trog
 23566 | D:10     | Reached skill level 9 in Evocations
 23875 | D:8      | Killed SirDiesAlot's ghost
 23968 | D:8      | Found a basalt altar of Yredelemnul.
 23973 | D:8      | Found a hazy altar of Hepliaklqana.
 24134 | Elf:1    | Entered Level 1 of the Elven Halls
 24146 | Elf:1    | Received a gift from Trog
 24148 | Elf:1    | HP: 38/204 [+0 halberd of flaming (21)]
 24290 | Elf:1    | Reached skill level 10 in Evocations
 24291 | Elf:1    | Reached skill level 10 in Armour
 24306 | Elf:1    | Reached XP level 17. HP: 114/142 MP: 17/17
 24462 | Elf:1    | Reached skill level 11 in Evocations
 24538 | Elf:1    | Found Feten's General Store.
 24550 | Elf:1    | Paralysed by an air elemental for 1 turns
 24555 | Elf:1    | Paralysed by an air elemental for 1 turns
 24563 | Elf:1    | Paralysed by an air elemental for 1 turns
 24567 | Elf:1    | Bought a ring of flight for 245 gold pieces
 24710 | Elf:1    | Noticed a Hell Sentinel
 24714 | Elf:1    | Noticed an Ice Fiend
 24716 | Elf:1    | HP: 26/142 [???[a deep elf demonologist] (18)]
 24721 | Elf:1    | HP: 25/142 [deep elf zephyrmancer/bolt of lightning (10)]
 24733 | Elf:1    | HP: 24/142 [???[a deep elf demonologist] (17)]
 24844 | Elf:1    | Noticed a Brimstone Fiend
 24922 | Elf:1    | Reached skill level 12 in Evocations
 24980 | Elf:1    | Received a gift from Trog
 25364 | Elf:2    | Reached skill level 13 in Evocations
 25660 | Elf:2    | Found Heleivvi's Weapon Boutique.
 25741 | Elf:2    | Found a runed translucent gate.
 25742 | Elf:2    | Found a runed translucent gate.
 25757 | Elf:2    | Found a runed translucent gate.
 25771 | Elf:2    | Noticed a tentacled monstrosity
 25773 | Elf:2    | Noticed a tentacled monstrosity
 25810 | Elf:2    | Reached skill level 14 in Evocations
 25911 | Elf:2    | Found a runed translucent gate.
 25916 | Elf:2    | Found a runed translucent gate.
 25917 | Elf:2    | Found a runed translucent gate.
 26206 | Swamp:1  | Entered Level 1 of the Swamp
 26230 | Swamp:1  | Found a frozen archway.
 26256 | IceCv    | Entered an ice cave
 26326 | IceCv    | Found a transporter.
 26343 | IceCv    | Found a transporter.
 26467 | Swamp:1  | Received a gift from Trog
 26470 | Swamp:1  | Reached skill level 15 in Evocations
 26482 | Swamp:1  | Reached skill level 1 in Dodging
 26482 | Swamp:1  | Reached XP level 18. HP: 114/149 MP: 18/18
 26542 | Swamp:1  | Reached skill level 2 in Dodging
 26799 | Swamp:1  | Reached skill level 3 in Dodging
 27107 | Swamp:1  | Reached skill level 4 in Dodging
 27309 | Swamp:2  | Reached skill level 5 in Dodging
 27470 | Swamp:2  | Reached skill level 6 in Dodging
 28258 | Swamp:2  | Received a gift from Trog
 28268 | Swamp:2  | Reached skill level 7 in Dodging
 28505 | Swamp:3  | HP: 55/223 [will-o-the-wisp/foxfire (12)]
 28513 | Swamp:3  | HP: 34/149 [will-o-the-wisp/foxfire (11)]
 28519 | Swamp:3  | Reached skill level 8 in Dodging
 28856 | Swamp:3  | Reached skill level 9 in Dodging
 29250 | Swamp:4  | Entered Level 4 of the Swamp
 29446 | Swamp:4  | Reached skill level 10 in Dodging
 29888 | Swamp:4  | Received a gift from Trog
 30156 | Swamp:4  | Identified the +7 halberd of the Incandescent {vorpal,
                  | *Corrode rPois Str+5}
 30174 | Swamp:4  | Reached XP level 19. HP: 150/155 MP: 19/19
 30197 | Swamp:4  | Reached skill level 10 in Throwing
 30240 | Swamp:4  | Noticed the 27-headed Lernaean hydra
 30266 | Swamp:4  | HP: 56/232 [the 21-headed Lernaean hydra (4)]
 30270 | Swamp:4  | HP: 27/232 [the 21-headed Lernaean hydra (9)]
 30273 | Swamp:4  | Killed the 18-headed Lernaean hydra
 30439 | Swamp:4  | Got a decaying rune of Zot
 30667 | Spider:1 | Entered Level 1 of the Spider Nest
 30812 | Spider:1 | Noticed Nikola
 30829 | Lair:2   | Reached skill level 11 in Armour
 30829 | Lair:2   | Reached skill level 11 in Dodging
 30856 | Lair:2   | Killed Nikola
 30965 | Spider:1 | Received a gift from Trog
 31700 | Spider:2 | Reached skill level 11 in Throwing
 31789 | Spider:2 | Noticed Arachne
 31815 | Spider:2 | Killed Arachne
 31994 | Spider:2 | Received a gift from Trog
 32986 | Spider:3 | Reached skill level 12 in Armour
 32987 | Spider:3 | Reached skill level 12 in Dodging
 33631 | Spider:4 | Entered Level 4 of the Spider Nest
 33637 | Spider:3 | Received a gift from Trog
 33713 | Spider:4 | Reached XP level 20. HP: 154/162 MP: 20/20
 33725 | Spider:4 | Noticed Louise
 34026 | Spider:4 | HP: 39/162 [wolf spider (12)]
 34031 | Spider:4 | HP: 18/243 [wolf spider (7)]
 34037 | Spider:4 | HP: 15/243 [poisoned by a redback]
 34257 | Spider:4 | Killed Louise
 34865 | Spider:3 | Reached skill level 15 in Shields
 34988 | Spider:3 | Received a gift from Trog
 35339 | Spider:4 | Identified the +0 pair of gloves of Sophism {rF+}
 35373 | Spider:4 | Identified the +2 hat "Hauwe Louwk" {rN+}
 35399 | Spider:4 | Identified the +0 hat of Eternal Vigilance {rElec rPois
                  | Will- Stlth+}
 35437 | Spider:4 | Got a gossamer rune of Zot
 36065 | Vaults:1 | Entered Level 1 of the Vaults
 36065 | Vaults:1 | Found Sorrearr's Antique Armour Shop.
 36069 | Vaults:1 | Bought a pair of translucent gloves for 218 gold pieces
 36069 | Vaults:1 | Identified the +0 pair of gloves of the Blue Skies {Str+4}
                  | (You bought it in a shop on level 1 of the Vaults)
 36093 | Vaults:1 | Reached skill level 13 in Armour
 36093 | Vaults:1 | Reached skill level 13 in Dodging
 36340 | Vaults:1 | sokol815: hey man, how's it going?
 36627 | Vaults:1 | Reached skill level 14 in Armour
 36627 | Vaults:1 | Reached skill level 14 in Dodging
 36752 | Vaults:1 | Reached XP level 21. HP: 142/168 MP: 21/21
 36795 | Vaults:1 | Reached XP level 22. HP: 175/175 MP: 22/22
 37204 | Vaults:1 | dragoon: lookin for gf birthday gift
 37204 | Vaults:1 | Acquired the ring "Edes" {rF+ rC+}
 37206 | Vaults:1 | sokol815: ooh, always fun
 37323 | Vaults:1 | Reached skill level 15 in Armour
 37323 | Vaults:1 | Reached skill level 15 in Dodging
 37328 | Vaults:1 | Received a gift from Trog
 37743 | Vaults:2 | Found a crumbling gateway.
 37769 | Desolati | Entered the Desolation of Salt
 37828 | Desolati | Reached skill level 16 in Fighting
 37960 | Desolati | dragoon: i hate this that place
 37960 | Desolati | dragoon: that
 37960 | Desolati | dragoon: that place
 37960 | Desolati | dragoon: i hate that place
 37960 | Desolati | dragoon: :)
 37960 | Desolati | sokol815: yeah... not my favorite. I do like all the rand
                  | artifacts it comes up with, though.
 37993 | Desolati | Identified the +1 morningstar of Interdependent Arising
                  | {vorpal, rC++ rN+ rCorr Stlth-}
 38127 | Desolati | Identified the amulet of Leaves {Faith *Slow rCorr Stlth+}
 38131 | Desolati | Identified the amulet "Tudghidu" {RegenMP Int+3}
 38182 | Desolati | Reached skill level 17 in Fighting
 38346 | Desolati | Received a gift from Trog
 38410 | Desolati | Found the +8 frozen axe "Frostbite" {freezing cloud, *Noise
                  | Fly rC+}
 38547 | Desolati | Identified the +0 pair of boots of the Lost Path {Int+2}
 38567 | Desolati | Found the +12 glaive of Prune {vorpal}
 38571 | Desolati | Identified the +6 scale mail of Marbles {Will+ Str+6}
 38580 | Desolati | sokol815: gliave of prune!?! nice
 38580 | Desolati | sokol815: and I've got a polearms training, too.
 38712 | Desolati | Identified the +0 chain mail "Izxusum" {+Inv Fly rC++
                  | Stlth-}
 38777 | Desolati | Reached skill level 18 in Fighting
 38950 | Desolati | Identified the +1 leather armour of the Saviour {rC+ rN+
                  | Int-5 Dex+3}
 38954 | Desolati | Identified the +6 hand axe "Hiyriu" {vamp, rCorr}
 38956 | Desolati | dragoon: wow it actually turns you into a prune now
 38956 | Desolati | dragoon: seems good
 38956 | Desolati | sokol815: interesting. Might just have to go full
                  | frostbite, though.... so many good weapon choices.
 38956 | Desolati | sokol815: eh, arga's currently better by about 50%
 39426 | Vaults:2 | Found a staircase to the Crypt.
 39526 | Vaults:2 | Reached XP level 23. HP: 190/190 MP: 23/23
 39581 | Vaults:2 | Reached skill level 16 in Evocations
 40261 | Vaults:3 | Reached skill level 17 in Evocations
 40268 | Vaults:3 | Received a gift from Trog
 41083 | Vaults:4 | Noticed Donald
 41105 | Vaults:4 | Killed Donald
 41210 | Vaults:4 | Found Biliuden's Antique Armour Emporium.
 41216 | Vaults:4 | Bought an ancient cloak for 304 gold pieces
 41216 | Vaults:4 | Identified the +0 cloak of Wasted Space {*Corrode *Slow
                  | +Blink Regen+} (You bought it in a shop on level 4 of the
                  | Vaults)
 41216 | Vaults:4 | Bought a shiny helmet for 240 gold pieces
 41335 | Vaults:4 | Reached skill level 18 in Evocations
 42078 | Vaults:4 | Reached skill level 19 in Evocations
 42456 | Vaults:4 | Reached XP level 24. HP: 132/183 MP: 22/23
 42460 | Vaults:4 | HP: 42/184 [orc warlord/+0 great sword (48)]
 42873 | Depths:1 | Entered Level 1 of the Depths
 43026 | Depths:1 | Found a gateway to Hell.
 43081 | Depths:1 | Received a gift from Trog
 43209 | Depths:1 | Found a glowing golden altar of the Shining One.
 43938 | Depths:2 | Noticed a juggernaut
 43956 | Depths:2 | Killed a juggernaut
 44688 | Depths:2 | Reached skill level 16 in Armour
 44716 | Depths:2 | Identified the +6 hand crossbow of Sameeta {venom, *Corrode
                  | Will+ Int+2}
 44748 | Depths:2 | Noticed a golden dragon
 44758 | Depths:2 | Killed a golden dragon
 44846 | Depths:2 | Reached skill level 19 in Fighting
 44847 | Depths:2 | Noticed a caustic shrike
 44854 | Depths:2 | Killed a caustic shrike
 45228 | Depths:2 | Received a gift from Trog
 45254 | Depths:2 | Noticed a golden dragon
 45285 | Depths:2 | Killed a golden dragon
 45346 | Depths:2 | Noticed a golden dragon
 45358 | Depths:2 | Noticed Asterion
 45371 | Depths:2 | Killed Asterion
 45376 | Depths:2 | Killed a golden dragon
 45519 | Depths:2 | sokol815: aight, I'm out. Thanks for watchin'!
 45519 | Depths:2 | Upgraded the game from 0.29-a0-334-gb41bcbb86e to
                  | 0.29-a0-337-g68df138881
 45551 | Depths:2 | Reached skill level 17 in Armour
 45551 | Depths:2 | Reached XP level 25. HP: 209/209 MP: 23/23
 45565 | Depths:2 | Noticed a juggernaut
 45590 | Depths:2 | Killed a juggernaut
 45951 | Depths:2 | Reached skill level 20 in Fighting
 45976 | Depths:2 | Identified the ring "Neonopom" {rN+ Int-4 Dex+2 Slay+4}
 45995 | Depths:2 | Found a one-way gate to the infinite horrors of the Abyss.
 45997 | Depths:2 | Identified the ring of Light {*Slow rElec rPois rN+ Int+4
                  | Slay-4}
 46036 | Depths:2 | Found a one-way gate leading to the halls of Pandemonium.
 46175 | Depths:2 | Received a gift from Trog
 46542 | Depths:3 | Reached skill level 18 in Armour
 46691 | Depths:3 | Paralysed by a floating eye for 4 turns
 47261 | Depths:3 | Found a one-way gateway to a ziggurat.
 47563 | Depths:4 | Entered Level 4 of the Depths
 47775 | Depths:3 | HP: 35/213 [poisoned by a green very ugly thing]
 47860 | Depths:3 | Reached skill level 21 in Fighting
 48018 | Depths:4 | Received a gift from Trog
 48099 | Depths:4 | Found Seskadi's Armour Shoppe.
 48099 | Depths:4 | Found Ateluc's Distillery.
 48100 | Depths:4 | Found Fithrogg's Assorted Antiques.
 48103 | Depths:4 | Found Neotoynt's Distillery.
 48108 | Depths:4 | Bought the +1 cloak of Starlight {*Dazzle EV+4 Stlth--} for
                  | 396 gold pieces
 48108 | Depths:4 | Found the +1 cloak of Starlight {*Dazzle EV+4 Stlth--}
 48366 | Depths:4 | Reached skill level 19 in Armour
 48366 | Depths:4 | Reached XP level 26. HP: 210/222 MP: 23/23
 48626 | Depths:4 | Found a gate to the Realm of Zot.
 50888 | Vaults:5 | Entered Level 5 of the Vaults
 51039 | Vaults:4 | Received a gift from Trog
 51151 | Vaults:5 | Reached skill level 22 in Fighting
 51162 | Vaults:5 | Noticed a dread lich
 51234 | Vaults:4 | Killed a dread lich
 51256 | Vaults:5 | Reached skill level 20 in Armour
 51409 | Vaults:5 | Identified the ring "Unurair" {rC+ SInv}
 51544 | Vaults:5 | Received a gift from Trog
 52012 | Vaults:5 | Identified the +6 chain mail "Winuvofa" {rCorr}
 52132 | Vaults:5 | Got a silver rune of Zot
 52186 | Vaults:5 | Identified the +7 dire flail "Xoanulan" {vorpal, rElec
                  | Dex+6}
 52186 | Vaults:5 | Identified the ring "Lushienn" {rElec rF+ rN+ Dex+6}
 52211 | Vaults:5 | Identified the +9 morningstar of Ragu {flame, rF+}
 52229 | Vaults:5 | Reached skill level 21 in Armour
 52239 | Vaults:5 | Reached XP level 27. HP: 233/233 MP: 23/23
 52273 | Vaults:5 | Identified the +5 mace of Hoxkyinu {drain, Str+9}
 52304 | Vaults:5 | Identified the +9 hunting sling of Articulation {venom,
                  | rCorr}
 52309 | Vaults:5 | Identified the +1 short sword of Wrath {flame, rC+}
 52536 | Vaults:5 | Identified the +7 double sword of Putrescence {vorpal,
                  | Will++} (Trog gifted it to you on level 5 of the Vaults)
 52536 | Vaults:5 | Received a gift from Trog
 52639 | Vaults:5 | Noticed an ancient lich
 52655 | Vaults:5 | Killed an ancient lich
 52976 | Vaults:5 | Reached skill level 22 in Armour
 53421 | Elf:2    | Reached skill level 23 in Fighting
 53520 | Elf:2    | Found a runed translucent gate.
 53520 | Elf:2    | Found a runed translucent gate.
 53525 | Elf:2    | Found a runed translucent gate.
 53529 | Elf:2    | Noticed durneh's ghost (adept HOCK)
 53891 | Elf:2    | Reached skill level 23 in Armour
 54107 | Elf:3    | Entered Level 3 of the Elven Halls
 54222 | Elf:3    | Received a gift from Trog
 54229 | Elf:3    | HP: 24/235 [deep elf annihilator/crystal spear (83)]
 54234 | Elf:3    | HP: 24/235 [poisoned by a deep elf annihilator (poison
                  | arrow)]
 54239 | Elf:3    | HP: 30/235 [poisoned by a deep elf annihilator (poison
                  | arrow)]
 54428 | Elf:3    | Found Roaweul's Assorted Antiques.
 54869 | Elf:3    | Identified the ring of Naloqody {rCorr MP+9 Slay+2}
 55075 | Elf:3    | Gained mutation: You have large cloven feet. [a neqoxec]
 55301 | Elf:3    | Reached skill level 24 in Armour
 55311 | Elf:3    | Identified the +8 rapier "Hozos" {holy, Str+2 SInv}
 55378 | Elf:3    | Found the +6 arbalest "Damnation" {damnation}
 55775 | Crypt:1  | Entered Level 1 of the Crypt
 56181 | Crypt:1  | Identified the +10 long sword of the Lesser Evil
                  | {antimagic, rN+ Will+} (Trog gifted it to you on level 1 of
                  | the Crypt)
 56181 | Crypt:1  | Received a gift from Trog
 56316 | Crypt:1  | Reached skill level 24 in Fighting
 57194 | Crypt:1  | Found a basalt altar of Yredelemnul.
 57427 | Crypt:3  | Entered Level 3 of the Crypt
 57689 | Crypt:3  | Noticed a dread lich
 57729 | Crypt:3  | Killed a dread lich
 57730 | Crypt:3  | Reached skill level 25 in Fighting
 57881 | Crypt:3  | Received a gift from Trog
 58137 | Crypt:3  | Found a staircase to the Tomb.
 58835 | Crypt:3  | Received a gift from Trog
 59035 | Crypt:3  | Found a basalt altar of Yredelemnul.
 59039 | Crypt:3  | Found an ancient bone altar of Kikubaaqudgha.
 59120 | Crypt:3  | Identified the +0 pair of gloves of Zuadgh {rC+}
 59504 | Depths:4 | Reached skill level 26 in Fighting
 59508 | Zot:1    | Entered Level 1 of the Realm of Zot
 60074 | Zot:1    | Found a transporter.
 60086 | Zot:1    | Found a transporter.
 60503 | Zot:1    | Identified the +10 mace of Ravage {venom, SInv}
 60532 | Zot:1    | HP: 52/247 [black draconian annihilator/crystal spear (81)]
 61012 | Zot:1    | Found a transporter.
 61013 | Zot:1    | Found a transporter.
 61032 | Zot:1    | Found a transporter.
 61034 | Zot:1    | Found a transporter.
 61339 | Zot:1    | Reached skill level 27 in Fighting
 61726 | Zot:2    | Identified the +4 war axe "Caosimerr" {vorpal, rPois rF+
                  | Str-5 Stlth+} (Trog gifted it to you on level 2 of the
                  | Realm of Zot)
 61726 | Zot:2    | Received a gift from Trog
 62796 | Zot:3    | Reached skill level 1 in Stealth
 62806 | Zot:3    | Reached skill level 2 in Stealth
 63035 | Zot:3    | Reached skill level 3 in Stealth
 63123 | Zot:3    | Acquired a manual of Shields
 63298 | Zot:3    | Reached skill level 4 in Stealth
 63370 | Zot:3    | Reached skill level 16 in Shields
 63927 | Zot:4    | Reached skill level 5 in Stealth
 63950 | Zot:4    | Received a gift from Trog
 63966 | Zot:4    | Reached skill level 17 in Shields
 63976 | Zot:4    | Reached skill level 6 in Stealth
 64390 | Zot:4    | Reached skill level 7 in Stealth
 64675 | Zot:5    | Entered Level 5 of the Realm of Zot
 64694 | Zot:5    | Reached skill level 8 in Stealth
 64750 | Zot:5    | Noticed an orb of fire
 64750 | Zot:5    | Noticed a Killer Klown
 64754 | Zot:5    | Noticed an orb of fire
 64756 | Zot:5    | Noticed an ancient lich
 64769 | Zot:5    | Noticed an orb of fire
 65122 | Zot:5    | Reached skill level 9 in Stealth
 65129 | Zot:5    | Reached skill level 18 in Shields
 65281 | Zot:5    | Noticed an ancient lich
 65298 | Zot:5    | Noticed a Killer Klown
 65307 | Zot:5    | Noticed an ancient lich
 65308 | Zot:5    | Killed an ancient lich
 65309 | Zot:5    | Reached skill level 10 in Stealth
 65309 | Zot:5    | Noticed an orb of fire
 65311 | Zot:5    | Noticed a Killer Klown
 65314 | Zot:5    | Noticed a Killer Klown
 65317 | Zot:5    | Noticed a Killer Klown
 65323 | Zot:5    | HP: 86/373 [Killer Klown/klown pie (44)]
 65323 | Zot:5    | HP: 35/373 [Killer Klown/+12 club (19)]
 65324 | Zot:5    | Gained mutation: You tend to lose your temper in combat.
                  | [an orb of fire]
 65327 | Zot:5    | Killed from afar by a Killer Klown

Illustrated notes

Levels and vault maps discovered:
D:1:      ebering_hopf_link, layout_loops_ring, ebering_ecumenical_altar_rust
D:2:      layout_loops_ring, minmay_crystal_water
D:3:      layout_loops_ring, uniq_grinder, uniq_sigmund
D:4:      minmay_general_purpose_star, layout_loops_ring,
          minmay_temple_entry_grid, st_stairs_7
D:5:      layout_loops_ring, uniq_pikel
D:6:      layout_rooms, amethyst_killhole, dreamdust_princess_corridor,
          uniq_crazy_yiuf_cottage
D:7:      layout_basic, serial_shops, shop
D:8:      layout_loops_ring, nicolae_overflow_crystal_walls,
          jmf_multi_god_temple2, gammafunk_ghost_nasty_kobolds,
          uniq_prince_ribbit1, uniq_psyche
D:9:      layout_loops_corners, lair_entry_dummy, hex_large, uniq_joseph,
          uniq_erolcha, uniq_maggie
D:10:     lemuel_insect_pit, layout_loops_corners, david_orc_3, special_room
          [special_room_orc], serial_shops, kennysheep_mini_moat,
          nicolae_straight_to_the_point
D:11:     layout_roguey, serial_bayou_pond_b, due_unseen_surprise, uniq_sonja
D:12:     layout_irregular_city, uniq_kirke
D:13:     layout_loops_corners, serial_shops, shop,
          nicolae_shop_advertising_works [nicolae_subvault_shop_adworks],
          nicolae_shop_hallway_plus, shop, uniq_josephine
D:14:     layout_irregular_city, hangedman_vaults_entry_quadrant_bands,
          kennysheep_minor_cross, hellmonk_guarded_unrand_vines
D:15:     gammafunk_depths_entry_grave, layout_basic, kennysheep_flooded_box,
          uniq_agnes
Lair:1:   layout_regular_city
Lair:2:   minmay_lair_oklob_chamber, layout_regular_city,
          nicolae_spider_entry_tight_spaces, grunt_megastairs_2,
          lemuel_fruit_tree
Lair:3:   layout_regular_city, swamp_mist, basic_altar, minivault_25,
          grunt_megastairs_3, infiniplex_staircase_pool
Lair:4:   layout_cave_shapes, serial_bayou_shore_a
Lair:5:   layout_gridlike, uniq_nessos
Lair:6:   gammafunk_lair_ancient_temple, layout_loops_ring, slime_dummy
Swamp:1:  layout_basic_swamp, portal_ice_cave_entry_ice_statue_one,
          hangedman_swamp_blocks, swamp_pool5, hangedman_swamp_lotus
Swamp:2:  cheibrodos_swamp_heart_of_darkness, layout_basic_swamp,
          serial_swamp_ruin, evilmike_swamp_ruin_house_3,
          evilmike_swamp_ruin_house_4
Swamp:3:  layout_falls_marsh, nicolae_swamp_triple_paths,
          nicolae_swamp_tree_designs
Swamp:4:  swamp_old_school, layout_basic_swamp, swamp_pool5
Spider:1: nicolae_spider_mines_1, guppyfry_spider_mini_1, uniq_nikola
Spider:2: layout_spider_delve, uniq_arachne
Spider:3: layout_chambers, special_room [special_room_bee]
Spider:4: spider_rune_water, spiders_nest_spider_trap, uniq_louise
Orc:1:    layout_caves, basic_altar
Orc:2:    st_orc_town, layout_caves, serial_shops, nicolae_diamond_shop
Elf:1:    minmay_elf_arrival_circle, layout_geoelf_grid, minivault_28,
          minmay_shop_star
Elf:2:    nicolae_elf_blades_splatter_lattice
          [nicolae_blade_entry_diamond_columns], layout_geoelf_octagon,
          ploomutoo_gammafunk_ghost_potion_laboratory, serial_shops, shop,
          nicolae_elf_glass_and_crystal_pillar_1, due_unseen_surprise
Elf:3:    grunt_elf_hall_asides, layout_onion_city, serial_shops,
          nicolae_shop_trees, item_on_display_a
Vaults:1: nicolae_vaults_holding_cells, ontoclasm_vaults_idyll,
          nicolae_vaults_windows_and_doors_thing, hangedman_vaults_impose,
          ontoclasm_vaults_tryst, v_rooms_5, v_misc_29, grunt_vaults_bifocal,
          nicolae_vaults_shelves_hall, grunt_vaults_focal,
          ontoclasm_vaults_idyll, layout_vaults_omnicross, serial_shops, shop
Vaults:2: portal_desolation_entry_nicolae_nacl,
          nicolae_vaults_stairing_the_circle, minmay_crypt_entry_vampire_xt,
          nicolae_vaults_circle_grid_b, vaults_room_grunt_arrival_checkpoint,
          v_misc_29, v_pattern_4, nicolae_vaults_disjoint_gnomons,
          vaults_room_corners, nicolae_vaults_little_squares_6,
          nicolae_vaults_specimen_jars, layout_vaults_maze_snakey
Vaults:3: vaults_dpeg_ring, nicolae_vaults_triangles, vaults_dpeg_hooks,
          ontoclasm_vaults_ring_small, hangedman_vaults_stitches,
          vaults_room_door_ring, hangedman_vaults_restitches,
          hangedman_vaults_corner_blocks, vaults_dpeg_encased_lava,
          layout_vaults_omnibox
Vaults:4: v_alt_pattern_4, nicolae_vaults_circle_grid_b, v_misc_26,
          nicolae_vaults_network_quincunx
          [nicolae_vaults_network_quincunx_subvault,
          nicolae_vaults_network_quincunx_subvault,
          nicolae_vaults_network_quincunx_subvault,
          nicolae_vaults_network_quincunx_subvault,
          nicolae_vaults_network_quincunx_subvault], v_misc_30,
          vaults_room_grid, hangedman_vaults_stagger, v_misc_25,
          nicolae_vaults_angled_halls, vaults_room_fours,
          layout_vaults_omnigrid, serial_shops, nicolae_shop_crystal,
          uniq_donald
Vaults:5: serial_shops
Crypt:1:  layout_regular_city, st_stairs_2, grunt_megastairs_1,
          lemuel_upstairs_altar, grunt_crypt_arrival_webbed
Crypt:2:  layout_gridlike
Crypt:3:  lightli_unholy_cathedral, layout_chaotic_city,
          tomb_entry_sphere_bobbens, hellmonk_scarab_ruin, uniq_josephina
Depths:1: layout_basic, hell_entry, minivault_14, nicolae_tso_carved_into_rock
Depths:2: box_level_dp, hell_entry, abyss_entry, pan_entry, uniq_asterion
Depths:3: minmay_curly_fans, layout_gridville, enter_ziggurat_a, hellmouth_1,
          chequers_decorated_corner, abyss_entry
Depths:4: evilmike_zot_entry_round, layout_basic,
          chequers_serial_rivers_small_3, pf_dread_powers_of_hell,
          roderic_lattice_octagonal_star, minmay_shoptagon, uniq_margery
Zot:1:    infiniplex_zot_generator, layout_basic, serial_nicolae_subway,
          nicolae_sub_station_metal, nicolae_sub_station_stone,
          nicolae_sub_station_crystal
Zot:2:    layout_gridville
Zot:3:    layout_basic
Zot:4:    layout_basic, nicolae_zot_crop_circle
Zot:5:    layout_misc_corridors

Skill      XL: |  1  2  3  4  5  6  7  8  9 10 11 12 13 14 15 16 17 18 19 20 21 22 23 24 25 26 27 |
---------------+----------------------------------------------------------------------------------+-----
Long Blades    | 3 |  3.2
Throwing       | 4 6 7 8 9 11 | 11.7
Fighting       | 6 12 15 18 19 21 22 27 | 27.0
Axes           | 1 6 10 13 14 16 18 | 18.0
Slings         | 1 3 |  3.7
Shields        | 8 11 14 15 18 | 18.5
Evocations     | 8 10 15 19 | 19.8
Armour         | 4 7 10 12 14 15 17 19 21 24 | 24.0
Dodging        | 1 10 12 14 15 | 15.7
Stealth        | 10 | 10.6

Action                   |  1- 3 |  4- 6 |  7- 9 | 10-12 | 13-15 | 16-18 | 19-21 | 22-24 | 25-27 || total
-------------------------+-------+-------+-------+-------+-------+-------+-------+-------+-------++-------
Melee: Long sword        |    98 |    22 |   137 |       |       |       |       |       |       ||   257
       War axe           |       |       |    65 |       |       |       |       |    19 |       ||    84
       Spear             |       |       |    59 |    37 |       |       |       |       |       ||    96
       Flail             |       |       |       |   107 |    37 |       |       |       |       ||   144
       Hand axe          |       |       |       |   363 |   387 |    64 |    28 |       |     3 ||   845
       Broad axe         |       |       |       |       |   374 |  1188 |  1052 |  1624 |  2938 ||  7176
 Fire: Hunting sling     |       |       |       |       |    27 |    21 |     9 |    50 |    29 ||   136
Throw: Stone             |     5 |     1 |       |   138 |   577 |    61 |     3 |       |       ||   785
       Boomerang         |       |       |       |    29 |       |    16 |       |   100 |       ||   145
       Javelin           |       |       |       |       |       |       |     5 |    21 |       ||    26
Invok: Berserk           |     2 |     1 |     5 |    10 |     5 |     9 |     9 |     8 |     4 ||    53
       Trog's Hand       |       |       |     1 |     5 |     2 |     8 |     7 |    11 |     6 ||    40
       Brothers in Arms  |       |       |       |       |       |     1 |     1 |     1 |     2 ||     5
 Abil: Evoke Invisibilit |       |       |       |       |       |       |       |     1 |       ||     1
Evoke: Wand              |       |       |       |       |    10 |     9 |    15 |     9 |     2 ||    45
  Use: Scroll            |     8 |       |    11 |    12 |    17 |     4 |     5 |     3 |    20 ||    80
       Potion            |       |       |       |     1 |     3 |     1 |     3 |       |     3 ||    11
 Stab: Invisible         |       |       |       |       |    23 |       |       |    13 |    45 ||    81
       Confused          |       |       |       |       |       |     2 |       |       |       ||     2
       Paralysed         |       |       |       |       |       |       |     4 |       |       ||     4
Armor: Scale mail        |     6 |       |       |       |       |       |       |       |       ||     6
       Chain mail        |    66 |    13 |   184 |    43 |   168 |   172 |    86 |   336 |   730 ||  1798
       Swamp dragon scal |       |       |       |   182 |    45 |   116 |   302 |       |       ||   645
       Gold dragon scale |       |       |       |       |       |       |       |    12 |       ||    12
Dodge: Dodged            |    37 |     3 |    79 |   228 |   210 |   222 |   596 |   424 |  1209 ||  3008
Block: Buckler           |    25 |     5 |    46 |       |       |       |       |       |       ||    76
       Kite shield       |       |       |    61 |   378 |   500 |   690 |   957 |   804 |  1597 ||  4987
       Reflection        |       |       |       |       |       |       |       |    11 |    58 ||    69

Table legend: (Time is in decaauts)
 A = Elapsed time spent in this place.
 B = Non-inter-level travel time spent in this place.
 C = Inter-level travel time spent in this place.
 D = Time resting spent in this place.
 E = Time spent auto-exploring this place.
 F = Levels seen in this place.
 G = Mean time per level.
                   A        B        C        D        E       F      G
               +--------+--------+--------+--------+--------+-----+--------+
         Total |  62896 |  56269 |   6627 |   7945 |  35124 |  53 | 1186.7 |
       Dungeon |  17106 |  14858 |   2248 |   1568 |  10732 |  15 | 1140.4 |
          Lair |   7423 |   6752 |    671 |    796 |   4255 |   6 | 1237.2 |
         Swamp |   4001 |   3758 |    243 |    701 |   2151 |   4 | 1000.2 |
   Spider Nest |   4816 |   4067 |    749 |    852 |   2238 |   4 | 1204.0 |
  Orcish Mines |   1933 |   1634 |    299 |    247 |    966 |   2 |  966.5 |
   Elven Halls |   3613 |   3304 |    309 |    513 |   1923 |   3 | 1204.3 |
        Vaults |   7720 |   6855 |    865 |    881 |   4109 |   5 | 1544.0 |
         Crypt |   3179 |   3009 |    170 |    408 |   1897 |   3 | 1059.7 |
        Depths |   6487 |   5674 |    813 |   1047 |   3001 |   4 | 1621.8 |
           Zot |   5381 |   5125 |    256 |    714 |   3360 |   5 | 1076.2 |
      Ice Cave |    158 |    158 |      0 |     61 |      0 |   1 |  158.0 |
    Desolation |   1074 |   1074 |      0 |    151 |    491 |   1 | 1074.0 |
               +--------+--------+--------+--------+--------+-----+--------+

Top non-repeatable levels by time:
Depths:2: 2741 daAuts
Vaults:4: 2271 daAuts
Spider:3: 2095 daAuts
  Lair:2: 2038 daAuts
   Zot:1: 1902 daAuts
    D:14: 1698 daAuts
Vaults:1: 1641 daAuts
Vaults:5: 1593 daAuts
 Crypt:3: 1580 daAuts
     D:9: 1528 daAuts
Depths:3: 1526 daAuts
    D:10: 1489 daAuts
     D:8: 1399 daAuts
   Elf:2: 1379 daAuts
    D:15: 1369 daAuts

Table legend:
 A = Kills in this place as a percentage of kills in entire the game.
 B = Kills by you in this place as a percentage of kills by you in the entire game.
 C = Kills by friends in this place as a percentage of kills by friends in the entire game.
 D = Other kills in this place as a percentage of other kills in the entire game.
 E = Experience gained in this place as a percentage of experience gained in the entire game.
 F = Experience gained in this place divided by the number of levels of this place that you have seen.
                   A       B       C       D       E      F
               +-------+-------+-------+-------+-------+----------------------
         Total | 100.0 | 100.0 | 100.0 | 100.0 | 100.0 | 26395.2
       Dungeon |  14.5 |  14.6 |   0.0 |   7.1 |   5.5 | 5124.6
          Lair |   7.8 |   7.9 |   0.0 |   7.1 |   3.7 | 8637.8
         Swamp |   6.4 |   6.2 |  44.4 |  14.3 |   5.4 | 18982.2
   Spider Nest |  10.0 |  10.0 |  22.2 |   7.1 |   6.4 | 22369.5
  Orcish Mines |   6.1 |   6.2 |   0.0 |   0.0 |   1.4 | 10007.5
   Elven Halls |   6.5 |   6.4 |   0.0 |  28.6 |   8.4 | 39293.7
        Vaults |  17.0 |  17.1 |   0.0 |   0.0 |  23.4 | 65394.8
         Crypt |   7.4 |   7.5 |   0.0 |   0.0 |   8.7 | 40387.3
        Depths |  12.0 |  11.9 |  33.3 |  14.3 |  18.0 | 62959.8
           Zot |   7.1 |   7.0 |   0.0 |  21.4 |  14.8 | 41315.6
      Ice Cave |   0.6 |   0.6 |   0.0 |   0.0 |   0.5 | 6300.0
    Desolation |   4.5 |   4.6 |   0.0 |   0.0 |   3.9 | 54092.0
               +-------+-------+-------+-------+-------+----------------------
